 Dungeon Crawl Stone Soup version 0.23-a0-208-gb6b040f31c (webtiles) character file.

289978 PikkenKukken the Bludgeoner (level 20, -36/129 HPs)
             Began as a Gargoyle Fighter on Sept 24, 2018.
             Was the Champion of the Shining One.
             Killed from afar by an ice dragon (72 damage)
             ... with a blast of cold
             ... summoned by a boggart
             ... on level 2 of the Vaults on Sept 25, 2018.
             The game lasted 01:40:22 (38618 turns).

PikkenKukken the Bludgeoner (Gargoyle Fighter)     Turns: 38618, Time: 01:40:25

Health: -36/129    AC: 53    Str: 29    XL:     20   Next: 73%
Magic:  27/30      EV: 14    Int:  8    God:    the Shining One [******]
Gold:   2340       SH: 26    Dex: 17    Spells: 19/19 levels left

rFire    + . .     SeeInvis .   n - +10 mace "Lesooff Saosch" {flame, rF+}
rCold    x . .     Gourm    .   d - +0 large shield
rNeg     + + +     Faith    .   G - +5 plate armour {MR+}
rPois    ∞         Spirit   .   I - +2 helmet "Pakeatwu" {*Contam +Fly rC- Dex+8}
rElec    +         Reflect  +   y - +2 cloak {MR+}
rCorr    +         Harm     .   m - +2 pair of gloves
MR       +++++                  v - +0 pair of boots
Stlth    ..........             B - +4 amulet of reflection
HPRegen  0.31/turn              h - +3 ring of slaying
MPRegen  0.22/turn              u - ring "Sivoyddu" {rCorr MR+ Str+2 Int-3 Stlth+}

@: about to teleport, flying, glowing
A: big wings, thin metallic scales 1, yellow scales 1, magic resistance 1,
negative energy resistance 1, electricity resistance, unbreathing, petrification
resistance, rot immunity, AC +15
}: 2/15 runes: decaying, gossamer
a: Stop Flying, Divine Shield, Cleansing Flame, Summon Divine Warrior, Brand
Weapon With Holy Wrath, Renounce Religion


You were on level 2 of the Vaults.
You worshipped the Shining One.
The Shining One was exalted by your worship.
You were hungry.

You visited 8 branches of the dungeon, and saw 36 of its levels.
You visited the Abyss 1 time.
You visited 1 bazaar.
You also visited: Bailey and Ice Cave.

You collected 3821 gold pieces.
You spent 1481 gold pieces at shops.

Inventory:

Hand Weapons
 n - the +10 mace "Lesooff Saosch" (weapon) {flame, rF+}
   (You bought it in a shop on level 2 of the Orcish Mines)

   It has been specially enchanted to burn those struck by it, causing extra
   injury to most foes and up to half again as much damage against particularly
   susceptible opponents.
   It protects you from fire.
 r - a +2 flail of crushing
 F - a +2 eveningstar of flaming
 W - a +0 demon whip of slashing
Armour
 a - a +0 helmet
 d - a +0 large shield (worn)
 m - a +2 pair of gloves (worn)
 v - a +0 pair of boots (worn)
 y - a +2 cloak of magic resistance (worn)
 G - a +5 plate armour of magic resistance (worn)
 I - the +2 helmet "Pakeatwu" (worn) {*Contam +Fly rC- Dex+8}
   (You acquired it on level 3 of the Spider Nest)

   It affects your dexterity (+8).
   It makes you vulnerable to cold.
   It lets you fly.
   It causes magical contamination when unequipped.
 V - a scarf of cloud immunity
 X - +0 fire dragon scales
Jewellery
 c - the ring of Vonoigg {MR++ Int+4 Stlth+}
   (You bought it in a shop in a bazaar)

   [ring of stealth]

   It affects your intelligence (+4).
   It affects your resistance to hostile enchantments.
   It makes you more stealthy.
 h - a +3 ring of slaying (left hand)
 u - the ring "Sivoyddu" (right hand) {rCorr MR+ Str+2 Int-3 Stlth+}
   (You acquired it on level 11 of the Dungeon)

   [ring of resist corrosion]

   It affects your strength (+2).
   It affects your intelligence (-3).
   It affects your resistance to hostile enchantments.
   It makes you more stealthy.
 B - a +4 amulet of reflection (around neck)
 E - an uncursed ring of protection from cold
 K - an uncursed amulet of the gourmand
Wands
 b - a wand of acid (34)
 D - a wand of disintegration (56)
 H - a wand of iceblast (27)
 N - a wand of digging (51)
 S - a wand of paralysis (11)
 U - a wand of scattershot (5)
 Y - a wand of enslavement (19)
Scrolls
 e - 2 scrolls of fear
 g - 11 scrolls of identify
 o - 15 scrolls of remove curse
 p - 8 scrolls of fog
 s - 5 scrolls of teleportation
 t - 7 scrolls of enchant armour
 x - 2 scrolls of blinking
 A - 4 scrolls of magic mapping
 J - 4 scrolls of enchant weapon
 L - 3 scrolls of amnesia
 T - a scroll of holy word
Potions
 i - 11 potions of curing
 j - 9 potions of brilliance
 k - 2 potions of magic
 l - 7 potions of ambrosia
 q - a potion of cancellation
 z - 7 potions of heal wounds
 C - 3 potions of resistance
 M - 2 potions of berserk rage
 O - 3 potions of haste
 Q - 2 potions of agility
 R - 2 potions of mutation
Miscellaneous
 P - a box of beasts
Comestibles
 f - 32 rations
 w - 7 chunks of flesh


   Skills:
 + Level 15.1 Fighting
 * Level 18.6 Maces & Flails
 + Level 15.0 Armour
 + Level 11.9 Dodging
 + Level 15.1 Shields
 + Level 14.4 Invocations
 + Level 7.7 Evocations


You had 19 spell levels left.
You didn't know any spells.
Your spell library contained the following spells:

 Spells                   Type           Power        Failure   Level  Hunger
 Animate Skeleton         Necr           N/A          100%        1    ##.....
 Corona                   Hex            #......      100%        1    ##.....
 Magic Dart               Conj           #...         100%        1    ##.....
 Pain                     Necr           #...         100%        1    ##.....
 Sandblast                Erth           #.....       100%        1    ##.....
 Sting                    Conj/Pois      #...         100%        1    ##.....
 Summon Butterflies       Summ           #.......     100%        1    ##.....
 Ensorcelled Hibernation  Hex/Ice        #.....       100%        2    ###....
 Passwall                 Tmut/Erth      #.......     100%        2    ###....
 Searing Ray              Conj           #.....       100%        2    ###....
 Swiftness                Chrm/Air       #.......     100%        2    ###....
 Call Canine Familiar     Summ           #.......     100%        3    ####...
 Confuse                  Hex            #.......     100%        3    ####...
 Dazzling Spray           Conj/Hex       #.....       100%        3    ####...
 Regeneration             Chrm/Necr      #.........   100%        3    ####...
 Stone Arrow              Conj/Erth      #.....       100%        3    ####...
 Tukima's Dance           Hex            #.......     100%        3    ####...
 Vampiric Draining        Necr           #.........   100%        3    ####...
 Animate Dead             Necr           N/A          100%        4    #####..
 Force Lance              Conj/Tloc      #.......     100%        4    #####..
 Fulminant Prism          Conj/Hex       #.........   100%        4    #####..
 Iskenderun's Mystic Bla  Conj           #.......     100%        4    #####..
 Leda's Liquefaction      Hex/Erth       #.........   100%        4    #####..
 Passage of Golubria      Tloc           N/A          100%        4    #####..
 Petrify                  Tmut/Erth      #.......     100%        4    #####..
 Summon Ice Beast         Ice/Summ       #.......     100%        4    #####..
 Alistair's Intoxication  Tmut/Pois      #.......     100%        5    ######.
 Bolt of Magma            Conj/Fire/Erth #.........   100%        5    ######.
 Lee's Rapid Deconstruct  Erth           #.........   100%        5    ######.
 Summon Mana Viper        Hex/Summ       #.......     100%        5    ######.
 Darkness                 Hex            #.........   100%        6    #######
 Invisibility             Hex            #.......     100%        6    #######
 Iron Shot                Conj/Erth      #.........   100%        6    #######
 Summon Hydra             Summ           #.........   100%        7    #######
 Shatter                  Erth           #.........   100%        9    #######
 Statue Form              Tmut/Erth      Unusable     N/A         6    N/A

Dungeon Overview and Level Annotations

Branches:
Dungeon (15/15)            Temple (1/1) D:5            Lair (6/6) D:8
  Swamp (4/4) Lair:4       Spider (4/4) Lair:2        Slime (0/5) Lair:5
    Orc (2/2) D:11            Elf (2/3) Orc:2        Vaults (2/5) D:14
  Crypt (0/3) Vaults:2     Depths (0/5) D:15

Altars:
Ashenzari
Cheibriados
Dithmenos
Elyvilon
Fedhas
Gozag
Hepliaklqana
Kikubaaqudgha
Makhleb
Nemelex Xobeh
Okawaru
Qazlal
Ru
Sif Muna
Trog
Uskayaw
Vehumet
Wu Jian
Xom
Yredelemnul
Zin
The Shining One
Jiyva

Shops:
D:4 *   D:5 :   D:15 (   Orc:2 [![(:   Elf:2 *

Annotations:
D:3 2 runed doors, Sokar's ghost, weakling DrTm
D:14 2 transporters
Lair:4 3 runed doors, Oppylety's ghost, journeyman GrFi
Swamp:2 3 runed doors, Gall2222's ghost, adept TrFi
Swamp:4 3 runed doors, P0WERM0DE's ghost, adept DDFi; omil's ghost, adept DrEE


Innate Abilities, Weirdness & Mutations

You are resistant to torment.
Your stone body is resilient. (AC +15)
You are immune to poison.
Your large and strong wings let you fly indefinitely.
You resist negative energy. (rN+)
You are resistant to electric shocks. (rElec)
You can survive without breathing.
You are immune to petrification.
You are immune to rotting.
You are partially covered in thin metallic scales. (AC +2)
You are partially covered in yellow scales. (AC +2)
You are resistant to hostile enchantments. (MR+)


Message History

The orc no longer looks unusually strong.
The ice dragon bites you but does no damage.
The ice dragon claws you but does no damage.
The ice dragon tramples you but does no damage.
The deep elf archer shoots an arrow.
You reflect the arrow off an invisible shield around you!
The arrow hits the deep elf archer!
You barely miss the ice dragon.
The ice dragon is lightly wounded.
You block the ice dragon's attack. The ice dragon claws you.
* * * LOW HITPOINT WARNING * * *
You block the ice dragon's attack.
You hit the ice dragon. You burn the ice dragon.
The ice dragon is lightly wounded.
The deep elf archer shoots an arrow.
The arrow barely misses you.
The arrow hits the ice dragon!
The ice dragon breathes frost at you. The blast of cold hits you!
You feel a terrible chill!
Ouch! That really hurt!
You die... ## #### #.. #. ug. ..# #. #ou

.(# #. #.T#..#
#. #oWg..# #.
..)co #.
#########g###
#######.
..(e...@Do(.#
#.......
#####....#####)#
#.......
#...##..##...#.#
#.......
#.>..####....#§#
#.......
#.....##.....#.#
#.......
##..⌠....⌠..##(#
########
##........##..#
#....
##..##..##...#
#....
##..##..##...#
#..#.


You could see an ice dragon, an orc knight, a deep elf archer, a yaktaur, an orc
warrior and a boggart (invisible).

Vanquished Creatures
  A tentacled monstrosity (Swamp:1)
  A deep elf blademaster (Elf:2)
  Agnes (Elf:1)
  A tengu reaver (Vaults:1)
  3 thorn hunters
  Frances (D:14)
  5 deep elf sorcerers
  An orc warlord (Orc:1)
  8 emperor scorpions
  5 ghost moths
  2 ironheart preservers
  A vampire knight (Vaults:2)
  2 deep elf demonologists
  2 entropy weavers
  2 very ugly things (IceCv)
  2 spark wasps
  3 deep elf death magi (Elf:2)
  2 ettins
  Snorg (Lair:3)
  A fire dragon (Lair:6)
  A green death (Abyss:1)
  Josephine (Spider:1)
  3 yaktaur captains
  2 ice dragons (D:15)
  Erolcha (Orc:2)
  2 great orbs of eyes
  A rakshasa (Vaults:1)
  20 hydras
  A vault guard (D:14)
  4 ghost crabs
  6 centaur warriors
  Erica (D:11)
  A catoblepas (Lair:5)
  A death knight (Vaults:2)
  6 ogre magi
  14 alligators
  19 two-headed ogres
  A shambling mangrove (Swamp:4)
  25 dancing weapons
  A tengu warrior (D:14)
  A thrashing horror (Abyss:1)
  An orc high priest (Orc:1)
  20 deep elf knights
  3 hell knights (Vaults:2)
  Sonja (D:11)
  A sixfirhy (Abyss:1)
  3 skeletal warriors (D:15)
  2 deep trolls (Orc:2)
  A wizard (Vaults:2)
  4 unseen horrors
  12 swamp dragons
  2 lindwurms (Lair:6)
  17 deep elf archers
  3 orc knights
  A phantasmal warrior (Vaults:2)
  17 orb spiders
  2 ironbrand convokers (Vaults:1)
  2 orc sorcerers
  59 deep elf magi
  2 oklob plants
  2 harpies
  24 wolf spiders
  21 ugly things
  6 cyclopes
  3 manticores
  A moth of wrath (Spider:4)
  A fire giant skeleton (Abyss:1)
  2 black mambas
  7 vault sentinels
  5 ice statues (IceCv)
  20 spiny frogs
  5 torpor snails (Lair:6)
  A smoke demon (Abyss:1)
  4 gargoyles
  8 komodo dragons
  An efreet (D:13)
  A kobold demonologist (D:15)
  9 yaktaurs
  2 rime drakes (Lair:6)
  4 freezing wraiths
  A golden dragon simulacrum (IceCv)
  A harpy zombie (D:13)
  10 demonic crawlers
  27 jumping spiders
  3 anaconda simulacra (IceCv)
  A polar bear (Lair:6)
  2 large abominations (Abyss:1)
  A troll (shapeshifter) (Vaults:1)
  12 tyrant leeches
  9 trolls
  30 hornets
  Grinder (D:6)
  5 bog bodies
  14 slime creatures
  A blink frog (shapeshifter) (Vaults:1)
  27 blink frogs
  A fire giant simulacrum (Vaults:1)
  5 dream sheep (Lair:6)
  A raiju (Abyss:1)
  A hippogriff (shapeshifter) (Vaults:1)
  11 hippogriffs
  61 redbacks
  7 spriggans
  21 tarantellas
  2 wyverns
  14 wraiths
  A dire elephant simulacrum (IceCv)
  17 yaks
  5 shadows
  8 water elementals
  2 vampires (Vaults:2)
  A wyvern (shapeshifter) (Abyss:1)
  2 ynoxinuls (Abyss:1)
  A neqoxec (Abyss:1)
  6 basilisks
  A fire elemental (Elf:1)
  A golden eye (shapeshifter) (Vaults:1)
  Grum (D:11)
  3 fire bats (Lair:1)
  5 chaos spawn (Abyss:1)
  A hungry ghost (D:10)
  2 wargs
  2 harpy simulacra (IceCv)
  26 vampire mosquitoes
  A naga (shapeshifter) (Abyss:1)
  3 acid dragons
  23 insubstantial wisps
  An iron troll simulacrum (IceCv)
  A soldier ant (D:13)
  10 swamp worms
  A hydra simulacrum (IceCv)
  8 small abominations (Abyss:1)
  5 porcupines
  10 water moccasins
  A water moccasin (shapeshifter) (Abyss:1)
  4 sky beasts
  9 swamp drakes
  A black bear (D:11)
  19 orc warriors
  9 ice beasts
  5 phantoms
  25 wolves
  25 ogres
  A boggart (Vaults:2)
  16 centaurs
  16 crocodiles
  A crocodile (shapeshifter) (Abyss:1)
  A big kobold (D:11)
  A bullfrog (shapeshifter) (Abyss:1)
  3 earth elementals
  15 bullfrogs
  5 scorpions
  A killer bee (shapeshifter) (Abyss:1)
  3 electric eels (shapeshifter) (Abyss:1)
  A howler monkey (D:14)
  6 electric eels
  8 crimson imps
  5 centaur zombies
  5 hounds
  3 jellies
  Crazy Yiuf (D:3)
  6 centaur skeletons
  4 orc priests
  22 orc wizards
  4 bullfrog skeletons
  An iron imp (Abyss:1)
  An iguana (D:6)
  24 worker ants
  2 howler monkey skeletons
  A worker ant zombie (D:10)
  12 gnolls
  2 river rats (D:3)
  2 adders (shapeshifter) (Abyss:1)
  19 adders
  A river rat (shapeshifter) (Abyss:1)
  A shadow imp (D:13)
  An ufetubus (Abyss:1)
  An adder zombie (D:5)
  2 worms
  5 leopard geckos
  83 orcs
  6 bats
  10 giant cockroaches
  15 goblins
  11 hobgoblins
  12 jackals
  3 quokkas
  A ball python (D:3)
  5 frilled lizards
  A jackal skeleton (D:5)
  12 kobolds
  A leopard gecko skeleton (D:4)
  A quokka zombie (D:5)
  7 rats
  4 briar patches
  A plant (Lair:1)
1328 creatures vanquished.

Vanquished Creatures (collateral kills)
  3 hydras (Swamp:4)
  A two-headed ogre (Orc:2)
  2 hell knights (Vaults:2)
  2 swamp dragons (Swamp:4)
  A cyclops (Orc:2)
  5 trolls (Orc:2)
  A bog body (Swamp:4)
  A warg (Orc:2)
  A swamp drake (Swamp:4)
  A water moccasin (Lair:6)
  3 orc warriors (Orc:2)
  5 ogres (Orc:2)
  An orc priest (Orc:2)
  5 orc wizards (Orc:2)
  A gnoll (Orc:2)
  6 orcs (Orc:2)
39 creatures vanquished.

Vanquished Creatures (others)
  Margery (Vaults:2)
  Nessos (Orc:2)
  A hydra (D:14)
  An alligator (Swamp:4)
  2 deep elf magi
  A wolf spider (Spider:1)
  A cyclops (D:13)
  A spiny frog (Swamp:2)
  A slime creature (D:14)
  A swamp worm (Swamp:4)
  7 centaurs
  A crocodile (shapeshifter) (Abyss:1)
  A wyvern zombie (D:14)
  A worker ant (Abyss:1)
  7 briar patches
  13 fungi
  26 plants
  5 withered plants (Swamp:4)
72 creatures vanquished.

Grand Total: 1439 creatures vanquished

Notes
Turn   | Place    | Note
-------+----------+-------------------------------------------
     0 | D:1      | PikkenKukken the Gargoyle Fighter began the quest for the
                  | Orb.
     0 | D:1      | Reached XP level 1. HP: 14/14 MP: 1/1
    76 | D:1      | Reached XP level 2. HP: 14/19 MP: 2/2
   689 | D:2      | Found a shattered altar of Ashenzari.
   701 | D:1      | Reached XP level 3. HP: 12/23 MP: 3/3
   957 | D:1      | Reached skill level 1 in Dodging
   957 | D:1      | Reached XP level 4. HP: 27/28 MP: 4/4
  1017 | D:2      | Reached skill level 3 in Maces & Flails
  1116 | D:2      | Reached XP level 5. HP: 33/33 MP: 5/5
  1172 | D:2      | Found a sacrificial altar of Ru.
  1513 | D:3      | Found a large runed door.
  1513 | D:3      | Found a large runed door.
  1515 | D:3      | Noticed Sokar's ghost (weakling DrTm)
  1655 | D:3      | Found a faded altar of an unknown god.
  1958 | D:3      | Reached XP level 6. HP: 38/38 MP: 6/6
  2293 | D:3      | Reached skill level 4 in Maces & Flails
  2355 | D:3      | Found a runed door.
  2359 | D:3      | Noticed Crazy Yiuf
  2512 | D:3      | Killed Crazy Yiuf
  2962 | D:4      | Reached XP level 7. HP: 44/44 MP: 7/7
  3124 | D:4      | Reached skill level 5 in Maces & Flails
  3306 | D:4      | Found Ralul's Assorted Antiques.
  3588 | D:5      | Entered Level 5 of the Dungeon
  3591 | D:5      | Reached skill level 5 in Fighting
  3598 | D:5      | Reached skill level 5 in Armour
  3604 | D:5      | Reached skill level 5 in Shields
  3645 | D:5      | Reached XP level 8. HP: 49/49 MP: 8/8
  3695 | D:5      | Found Ukkauk's Book Shoppe.
  3721 | D:5      | Found a staircase to the Ecumenical Temple.
  3730 | Temple   | Entered the Ecumenical Temple
  3849 | Temple   | Became a worshipper of the Shining One
  4492 | D:6      | Noticed Grinder
  4500 | D:6      | Killed Grinder
  4500 | D:6      | Reached skill level 1 in Invocations
  4850 | D:6      | Reached skill level 6 in Maces & Flails
  5295 | D:7      | Found a shadowy altar of Dithmenos.
  5374 | D:7      | Reached XP level 9. HP: 54/55 MP: 10/10
  5394 | D:7      | Noticed a hornet
  5403 | D:7      | Killed a hornet
  5587 | D:7      | Reached skill level 7 in Maces & Flails
  5969 | D:8      | Reached * piety under the Shining One
  6194 | D:8      | Found a staircase to the Lair.
  6915 | D:9      | Found a flagged portal.
  6937 | Bailey   | Entered a bailey
  6944 | Bailey   | Noticed a deep elf mage
  6952 | Bailey   | Killed a deep elf mage
  6952 | Bailey   | Reached skill level 8 in Maces & Flails
  6952 | Bailey   | Reached XP level 10. HP: 35/61 MP: 11/13
  7092 | Bailey   | Noticed a deep elf mage
  7094 | Bailey   | Noticed a deep elf mage
  7098 | Bailey   | Killed a deep elf mage
  7098 | Bailey   | Noticed a deep elf mage
  7120 | Bailey   | Killed a deep elf mage
  7131 | Bailey   | Killed a deep elf mage
  7137 | Bailey   | Noticed a deep elf mage
  7269 | Bailey   | Noticed a deep elf mage
  7272 | Bailey   | Noticed a deep elf mage
  7283 | Bailey   | Noticed a rust devil
  7285 | Bailey   | Killed a deep elf mage
  7889 | D:10     | Entered Level 10 of the Dungeon
  7931 | D:10     | Found the +5 scythe "Finisher" {speed, Str+3}
  7937 | D:10     | Reached ** piety under the Shining One
  7937 | D:10     | Reached skill level 5 in Invocations
  7943 | D:10     | Reached skill level 5 in Dodging
  7951 | D:10     | Reached skill level 9 in Maces & Flails
  8228 | D:10     | Reached XP level 11. HP: 67/67 MP: 15/15
  8752 | Lair:1   | Entered Level 1 of the Lair of Beasts
  9349 | Lair:1   | Noticed an oklob plant
  9580 | Lair:1   | Killed an oklob plant
 10532 | Lair:2   | Reached skill level 10 in Maces & Flails
 10698 | Lair:2   | Found a hole to the Spider Nest.
 11304 | Lair:2   | Reached XP level 12. HP: 75/75 MP: 17/17
 12164 | Lair:3   | Noticed Snorg
 12179 | Lair:3   | Killed Snorg
 12704 | Lair:3   | Noticed a six-headed hydra
 12711 | Lair:3   | Killed a six-headed hydra
 12711 | Lair:3   | Reached skill level 11 in Maces & Flails
 12962 | Lair:3   | Noticed an eight-headed hydra
 12972 | Lair:3   | Killed an eight-headed hydra
 13354 | Lair:4   | Found a dark tunnel.
 13396 | Lair:4   | Got a twisted ring mail
 13407 | Lair:4   | Identified the +2 ring mail of Valiance {Stlth+} (You found
                  | it on level 4 of the Lair of Beasts)
 13551 | Lair:4   | Identified a scroll of acquirement
 13586 | Lair:4   | Gained mutation: Potions are less effective at restoring
                  | your health. [potion of mutation]
 13586 | Lair:4   | Gained mutation: You have sharp toenails. [potion of
                  | mutation]
 13586 | Lair:4   | Gained mutation: You are agile. (Dex +2) [potion of
                  | mutation]
 13586 | Lair:4   | Gained mutation: You are partially covered in thin metallic
                  | scales. (AC +2) [potion of mutation]
 13587 | Lair:4   | Lost mutation: You have sharp toenails. [potion of
                  | mutation]
 13587 | Lair:4   | Lost mutation: You are agile. (Dex +2) [potion of mutation]
 13587 | Lair:4   | Lost mutation: Potions are less effective at restoring your
                  | health. [potion of mutation]
 13587 | Lair:4   | Gained mutation: You tend to lose your temper in combat.
                  | [potion of mutation]
 13587 | Lair:4   | Gained mutation: You are mostly covered in thin metallic
                  | scales. (AC +3) [potion of mutation]
 13587 | Lair:4   | Gained mutation: You are resistant to hostile enchantments.
                  | (MR+) [potion of mutation]
 13620 | Lair:4   | Noticed an ice dragon
 13628 | Lair:4   | Found a runed gate.
 13628 | Lair:4   | Found a runed gate.
 13628 | Lair:4   | Found a runed gate.
 13691 | Lair:4   | Found a staircase to the Swamp.
 13693 | Lair:4   | Noticed a five-headed hydra
 13704 | Lair:4   | Killed a five-headed hydra
 13723 | Lair:4   | Got a smoking ring mail
 13734 | Lair:4   | Identified the +3 ring mail of Beyond {Int+2} (You found it
                  | on level 4 of the Lair of Beasts)
 13905 | Lair:4   | Noticed Oppylety's ghost (journeyman GrFi)
 14337 | Lair:5   | Reached *** piety under the Shining One
 14370 | Lair:5   | Noticed a six-headed hydra
 14522 | Lair:5   | Killed a six-headed hydra
 14564 | Lair:5   | Found a shadowy altar of Dithmenos.
 14601 | Lair:5   | Reached XP level 13. HP: 66/80 MP: 19/19
 15087 | Lair:5   | Found a viscous altar of Jiyva.
 15087 | Lair:5   | Found a staircase to the Slime Pits.
 15389 | Lair:6   | Entered Level 6 of the Lair of Beasts
 15510 | Lair:6   | Reached skill level 12 in Maces & Flails
 15582 | Lair:6   | Reached skill level 10 in Armour
 15625 | Lair:6   | Reached skill level 10 in Shields
 15665 | Lair:6   | Reached skill level 10 in Fighting
 16283 | Lair:6   | Found a runed door.
 16455 | Lair:6   | Gained mutation: Your large and strong wings let you fly
                  | indefinitely. [Gargoyle growth]
 16455 | Lair:6   | Reached XP level 14. HP: 72/88 MP: 20/20
 16506 | Lair:6   | Reached **** piety under the Shining One
 17097 | D:11     | Got a clouded granite ring
 17099 | D:11     | Identified the ring "Sivoyddu" {rCorr MR+ Str+2 Int-3
                  | Stlth+} (You acquired it on level 11 of the Dungeon)
 17128 | D:11     | Found a staircase to the Orcish Mines.
 17134 | D:11     | Reached skill level 13 in Maces & Flails
 17247 | D:11     | Noticed Grum
 17280 | D:11     | Killed Grum
 17312 | D:11     | Found a sacrificial altar of Ru.
 17320 | D:11     | Got a spiked scale mail
 17331 | D:11     | Identified the +3 scale mail "Vodoedut" {Int+7} (You took
                  | it off an orc on level 11 of the Dungeon)
 17421 | D:11     | Noticed Sonja
 17428 | D:11     | Cast into level 1 of the Abyss (Sonja)
 17492 | Abyss:1  | Gained mutation: Scrolls take you a little longer to read.
                  | [a neqoxec]
 17493 | Abyss:1  | Found a corrupted altar of Lugonu.
 17612 | Abyss:1  | Noticed a daeva
 17686 | Abyss:1  | Reached ***** piety under the Shining One
 17783 | Abyss:1  | Noticed an emperor scorpion
 17822 | Abyss:1  | Noticed a frost giant
 17822 | Abyss:1  | an alligator snapping turtle changed into a frost giant
 17824 | Abyss:1  | Noticed a brown very ugly thing
 17824 | Abyss:1  | Noticed a sphinx
 17824 | Abyss:1  | a frost giant changed into a sphinx
 17825 | Abyss:1  | Noticed a red very ugly thing
 17831 | Abyss:1  | Found a corrupted altar of Lugonu.
 17834 | Abyss:1  | Noticed a tentacled starspawn
 17842 | D:11     | Escaped the Abyss
 17845 | D:11     | Killed Sonja
 17845 | D:11     | Reached skill level 10 in Invocations
 17849 | D:11     | Noticed Erica
 17854 | D:11     | Killed Erica
 18083 | Orc:1    | Entered Level 1 of the Orcish Mines
 18444 | Orc:1    | Noticed an orc warlord
 18662 | Orc:1    | Killed an orc warlord
 18921 | Orc:2    | Entered Level 2 of the Orcish Mines
 18921 | Orc:2    | Found a staircase to the Elven Halls.
 18924 | Orc:2    | Noticed Erolcha
 18930 | Orc:2    | Killed Erolcha
 19221 | Orc:2    | Found Vish's Distillery.
 19238 | Orc:2    | Bought a potion of mutation for 96 gold pieces
 19238 | Orc:2    | Lost mutation: You are resistant to hostile enchantments.
                  | (MR+) [potion of mutation]
 19238 | Orc:2    | Lost mutation: You tend to lose your temper in combat.
                  | [potion of mutation]
 19238 | Orc:2    | Lost mutation: Scrolls take you a little longer to read.
                  | [potion of mutation]
 19238 | Orc:2    | Lost mutation: You are mostly covered in thin metallic
                  | scales. (AC +3) [potion of mutation]
 19238 | Orc:2    | Gained mutation: You evolve. [potion of mutation]
 19238 | Orc:2    | Gained mutation: You are resistant to hostile enchantments.
                  | (MR+) [potion of mutation]
 19278 | Orc:2    | Found Ojizeiha's Armour Shoppe.
 19283 | Orc:2    | Reached XP level 15. HP: 95/95 MP: 13/22
 19300 | Orc:2    | Reached skill level 14 in Maces & Flails
 19304 | Orc:2    | Noticed Nessos
 19355 | Orc:2    | Killed Nessos
 19382 | Orc:2    | Found Heimyf's Book Boutique.
 19389 | Orc:2    | Found Bisaiv's Armour Boutique.
 19399 | Orc:2    | Found Affy's Antique Weapon Shop.
 19516 | Orc:2    | Bought a +4 plate armour of magic resistance for 750 gold
                  | pieces
 19534 | Orc:2    | Bought an encrusted mace for 264 gold pieces
 19534 | Orc:2    | Identified the +10 mace "Lesooff Saosch" {flame, rF+} (You
                  | bought it in a shop on level 2 of the Orcish Mines)
 20289 | D:12     | Found an ornate altar of the Wu Jian Council.
 20376 | D:12     | Gained mutation: You are partially covered in yellow
                  | scales. (AC +2) [evolution]
 20409 | D:13     | Found a flickering gateway to a bazaar.
 20417 | Bazaar   | Entered a bazaar
 20651 | Bazaar   | Found Banosel's Jewellery Shop.
 20664 | Bazaar   | Found Yddoceq's Book Shop.
 20699 | Bazaar   | Bought the ring of Vonoigg {MR++ Int+4 Stlth+} for 371 gold
                  | pieces
 21443 | Swamp:1  | Entered Level 1 of the Swamp
 21443 | Swamp:1  | Noticed a tentacled monstrosity
 21461 | Swamp:1  | Killed a tentacled monstrosity
 21759 | Swamp:1  | Found a frozen archway.
 21787 | IceCv    | Entered an ice cave
 22397 | Swamp:1  | Reached XP level 16. HP: 93/101 MP: 24/24
 22569 | Swamp:1  | Reached skill level 15 in Maces & Flails
 22627 | Swamp:1  | Reached ****** piety under the Shining One
 23077 | Swamp:2  | Found a runed gate.
 23077 | Swamp:2  | Found a runed gate.
 23077 | Swamp:2  | Found a runed gate.
 23077 | Swamp:2  | Noticed Gall2222's ghost (adept TrFi)
 24119 | Swamp:3  | Noticed a thorn hunter
 24137 | Swamp:3  | Killed a thorn hunter
 24768 | Spider:1 | Entered Level 1 of the Spider Nest
 24980 | Spider:1 | Noticed Josephine
 24991 | Spider:1 | Killed Josephine
 25097 | Spider:1 | Reached skill level 1 in Evocations
 25866 | Spider:2 | Reached skill level 10 in Dodging
 25976 | Spider:2 | Reached XP level 17. HP: 106/108 MP: 26/26
 27074 | Spider:3 | Reached skill level 16 in Maces & Flails
 27488 | Swamp:4  | Entered Level 4 of the Swamp
 27488 | Swamp:4  | Found a runed gate.
 27488 | Swamp:4  | Found a runed gate.
 27488 | Swamp:4  | Found a runed gate.
 27492 | Swamp:4  | Noticed omil's ghost (adept DrEE)
 27494 | Swamp:4  | Noticed P0WERM0DE's ghost (adept DDFi)
 28423 | Swamp:4  | Upgraded the game from 0.23-a0-204-g3eb00d1601 to
                  | 0.23-a0-208-gb6b040f31c
 28461 | Swamp:4  | Got a decaying rune of Zot
 29214 | Spider:4 | Entered Level 4 of the Spider Nest
 29444 | Spider:3 | Got a faintly humming helmet
 29455 | Spider:3 | Identified the +2 helmet "Pakeatwu" {*Contam +Fly rC-
                  | Dex+8} (You acquired it on level 3 of the Spider Nest)
 29583 | Spider:4 | Reached XP level 18. HP: 115/115 MP: 27/27
 31020 | Spider:4 | Got a gossamer rune of Zot
 31330 | D:14     | Noticed Frances
 31356 | D:14     | Killed Frances
 31386 | D:14     | Reached skill level 5 in Evocations
 31388 | D:14     | Reached skill level 17 in Maces & Flails
 31649 | D:14     | Found a transporter.
 31942 | D:14     | Found a gate to the Vaults.
 32054 | D:14     | Found a transporter.
 32723 | D:15     | Entered Level 15 of the Dungeon
 33246 | D:15     | Lost mutation: You evolve. [end of evolution]
 33268 | D:15     | Found Ogatypsy's Antique Weapon Shop.
 33750 | D:15     | Found a staircase to the Depths.
 33998 | Elf:1    | Entered Level 1 of the Elven Halls
 34008 | Elf:1    | Reached XP level 19. HP: 121/121 MP: 28/28
 34020 | Elf:1    | Found a radiant altar of Vehumet.
 34930 | Elf:1    | Noticed Agnes
 34947 | Elf:1    | Killed Agnes
 35418 | Elf:2    | Identified the Almanac of Ashen Poisoning
 35538 | Elf:2    | Found a runed door.
 35573 | Elf:2    | Found a runed door.
 35872 | Elf:2    | Found a radiant altar of Vehumet.
 36003 | Elf:2    | Reached skill level 18 in Maces & Flails
 36227 | Elf:2    | Reached XP level 20. HP: 120/128 MP: 30/30
 36554 | Elf:2    | Found Aficsaxe's Assorted Antiques.
 36775 | Vaults:1 | Entered Level 1 of the Vaults
 38047 | Vaults:2 | Noticed Margery
 38063 | Vaults:2 | Killed Margery
 38063 | Vaults:2 | Reached skill level 15 in Shields
 38075 | Vaults:2 | Reached skill level 15 in Fighting
 38462 | Vaults:2 | Found a staircase to the Crypt.
 38526 | Vaults:2 | Reached skill level 15 in Armour
 38560 | Vaults:2 | Noticed a Brimstone Fiend
 38618 | Vaults:2 | Killed from afar by an ice dragon

Vault maps used:
D:1:      lightli_arrival_maybe_door_vault
D:2:      overflow_temple_1_default, hangedman_ru_absence
D:3:      first_ration, lightli_sewer_entry_pipes,
          chequers_ecumenical_altar_island, ebering_ghost_disaster_area,
          uniq_crazy_yiuf_cottage
D:4:      serial_shops, shop, nicolae_underground_beach
D:5:      minmay_temple_entry_mist, serial_shops, nicolae_shop_crystal,
          nrook_loot_triangle
D:6:      sigmund_army, uniq_grinder
D:7:      grunt_ogre_cave, nicolae_dithmenos_through_a_glass_darkly
D:8:      lair_entry_dummy
D:9:      enter_bailey_7
D:10:     minmay_guarded_unrand_finisher
D:11:     basic_altar, uniq_grum, uniq_erica, uniq_sonja
D:12:     basic_altar
D:13:     serial_shops, bzr_entry_water
D:14:     gammafunk_dig_for_victory, david_vaults_5, serial_glass,
          glass_columns_c, glass_columns_c, uniq_frances
D:15:     grunt_enter_depths_hoard, serial_shops, shop
Temple:   kilobyte_greek_temple
Lair:1:   minmay_lair_oklob_chamber
Lair:2:   nicolae_spider_entry_tight_spaces
Lair:3:   minmay_stone_trees_medium, uniq_snorg
Lair:4:   swamp_mist, gammafunk_ghost_icy, nicolae_volcano_entry_lava_flow
Lair:5:   dpeg_slime_entry_enclosed_altar, basic_altar
Lair:6:   wormcave
Swamp:1:  portal_ice_cave_entry_frozen_things, evilmike_swamp_ruin_wall
Swamp:2:  gammafunk_ghost_hydra_chop, evilmike_swamp_ruin_house_1, swamp_pool1
Swamp:3:  evilmike_swamp_ruin_rubble_2, infiniplex_staircase_pool
Swamp:4:  swamp_alternative, gammafunk_ghost_cemetery
Spider:1: uniq_josephine
Spider:4: guppyfry_spider_rune
Orc:1:    cheibrodos_orc_arena
Orc:2:    st_orc_open, serial_shops, nicolae_shop_statue_plus, uniq_nessos,
          uniq_erolcha
Elf:1:    eino_elf_arrival_altar, uniq_agnes
Elf:2:    serial_shops, shop, lemuel_statue_altar
Vaults:1: vaults_mumra_minichess, ontoclasm_vaults_echo, v_pattern_2,
          vaults_room_door_hall, ontoclasm_vaults_gateway, vaults_room_octagon,
          grunt_vaults_twisty, v_misc_9
Vaults:2: hangedman_vaults_stagger, grunt_vaults_focal, v_misc_19,
          ontoclasm_vaults_claustrophobia, minmay_crypt_entry_vampire_xt,
          vaults_room_corners, hangedman_vaults_nodes,
          hangedman_vaults_stitches, hangedman_vaults_restitches,
          hangedman_vaults_unwind, ontoclasm_vaults_ring_square,
          ontoclasm_vaults_fault, nicolae_vaults_gold_heap, uniq_margery
Abyss:1:  evilmike_abyss_exit_10
Bazaar:   bazaar_jpeg_cross
Bailey:   bailey_polearm_3, bailey
IceCv:    ice_cave_statue_garden_chambered

Skill      XL: |  1  2  3  4  5  6  7  8  9 10 11 12 13 14 15 16 17 18 19 20 |
---------------+-------------------------------------------------------------+-----
Dodging        | 1 2 3 4 5 6 7 8 9 10 11 | 11.9
Maces & Flails | 3 4 5 6 8 9 10 11 12 13 14 15 16 17 18 | 18.6
Shields        | 4 5 6 7 8 9 10 11 12 13 14 15 | 15.1
Fighting       | 4 5 6 7 8 9 10 11 12 13 14 15 | 15.1
Armour         | 4 5 6 7 8 9 10 11 12 13 14 15 | 15.0
Invocations    | 2 4 5 6 8 9 10 11 12 13 14 | 14.4
Evocations     | 1 4 5 6 7 |  7.7

Action                   |  1- 3 |  4- 6 |  7- 9 | 10-12 | 13-15 | 16-18 | 19-21 || total
-------------------------+-------+-------+-------+-------+-------+-------+-------++-------
Melee: Flail             |    88 |   274 |   328 |   448 |       |       |       ||  1138
       Unarmed           |       |     3 |       |       |       |       |       ||     3
       Eveningstar       |       |       |       |    97 |   815 |       |       ||   912
       Mace              |       |       |       |       |   335 |  1787 |   993 ||  3115
Invok: Divine Shield     |       |       |       |     7 |     6 |     7 |     3 ||    23
       Cleansing Flame   |       |       |       |       |     9 |     4 |     7 ||    20
       Summon Divine War |       |       |       |       |     4 |     1 |     1 ||     6
 Abil: Fly               |       |       |       |       |     1 |       |       ||     1
Evoke: Wand              |       |       |       |       |     1 |    11 |     1 ||    13
  Use: Scroll            |     3 |     6 |     7 |     8 |    14 |     5 |     6 ||    49
       Potion            |       |       |     1 |     3 |     2 |     2 |     1 ||     9
  Eat: Chunk             |       |     7 |    14 |    12 |    19 |    13 |    18 ||    83
       Ration            |       |       |       |     4 |     3 |     8 |       ||    15
Armor: Scale mail        |    78 |   168 |   155 |       |       |       |       ||   401
       Chain mail        |       |       |    31 |   263 |       |       |       ||   294
       Storm dragon scal |       |       |       |    48 |   353 |       |       ||   401
       Plate armour      |       |       |       |       |   271 |   950 |   212 ||  1433
Dodge: Dodged            |    39 |   132 |   136 |   138 |   290 |   453 |   115 ||  1303
Block: Shield            |    56 |   177 |   177 |    17 |       |       |       ||   427
       Large shield      |       |       |       |   641 |  1539 |  2372 |   741 ||  5293
       Reflection        |       |       |       |       |    50 |    36 |    78 ||   164

Table legend:
 A = Non-vault XP
 B = Vault XP
 C = Vault XP percentage of total XP
 D = Non-vault monster count
 E = Vault monster count
 F = Vault count percentage of total count
                 A         B        C        D         E       F
            +---------+---------+-------+---------+---------+-------
      Total |  293401 |  174044 |  37.2 |    1011 |     369 |  26.7
            +---------+---------+-------+---------+---------+-------
        D:1 |      85 |       0 |   0.0 |      23 |       0 |   0.0
        D:2 |     111 |       0 |   0.0 |      19 |       0 |   0.0
        D:3 |     143 |     141 |  49.6 |      42 |      10 |  19.2
        D:4 |     583 |       0 |   0.0 |      26 |       0 |   0.0
        D:5 |     294 |       0 |   0.0 |      18 |       0 |   0.0
        D:6 |     348 |     295 |  45.9 |      10 |       5 |  33.3
        D:7 |     963 |     113 |  10.5 |      10 |       1 |   9.1
        D:8 |     484 |       0 |   0.0 |      18 |       0 |   0.0
        D:9 |    1043 |      33 |   3.1 |      19 |       4 |  17.4
       D:10 |     924 |    1466 |  61.3 |      20 |       7 |  25.9
       D:11 |    4899 |    2382 |  32.7 |      29 |       7 |  19.4
       D:12 |    3306 |       0 |   0.0 |      17 |       0 |   0.0
       D:13 |    8930 |       0 |   0.0 |      37 |       0 |   0.0
       D:14 |   14636 |    4088 |  21.8 |      47 |       7 |  13.0
       D:15 |   17875 |    1940 |   9.8 |      49 |       2 |   3.9
     Lair:1 |    2503 |     587 |  19.0 |      14 |       1 |   6.7
     Lair:2 |    5157 |    2723 |  34.6 |      26 |      10 |  27.8
     Lair:3 |    3447 |    1112 |  24.4 |      10 |       1 |   9.1
     Lair:4 |    7701 |       0 |   0.0 |      24 |       0 |   0.0
     Lair:5 |    4881 |       0 |   0.0 |      14 |       0 |   0.0
     Lair:6 |   15082 |    7608 |  33.5 |      59 |      19 |  24.4
    Swamp:1 |   17029 |    1070 |   5.9 |      45 |       3 |   6.2
    Swamp:2 |    8537 |       0 |   0.0 |      23 |       0 |   0.0
    Swamp:3 |    9262 |    4897 |  34.6 |      18 |       5 |  21.7
    Swamp:4 |   18291 |   12068 |  39.8 |      45 |      23 |  33.8
   Spider:1 |   14306 |    1899 |  11.7 |      41 |       5 |  10.9
   Spider:2 |   15318 |       0 |   0.0 |      40 |       0 |   0.0
   Spider:3 |   11932 |    9416 |  44.1 |      32 |      11 |  25.6
   Spider:4 |    9983 |   17608 |  63.8 |      20 |      28 |  58.3
      Orc:1 |    3583 |    2419 |  40.3 |      28 |      15 |  34.9
      Orc:2 |    2904 |   15749 |  84.4 |      38 |      39 |  50.6
      Elf:1 |   32027 |    6274 |  16.4 |      45 |       8 |  15.1
      Elf:2 |   28460 |   25007 |  46.8 |      41 |      30 |  42.3
   Vaults:1 |    9290 |   13900 |  59.9 |      19 |      22 |  53.7
   Vaults:2 |   12183 |   24457 |  66.7 |      25 |      29 |  53.7
    Abyss:1 |    6901 |    5948 |  46.3 |      20 |      50 |  71.4
     Bailey |       0 |    2847 | 100.0 |       0 |       5 | 100.0
      IceCv |       0 |    7997 | 100.0 |       0 |      22 | 100.0
            +---------+---------+-------+---------+---------+-------
